 Dungeon Crawl Stone Soup version 0.31.0-12-g77e489cdc1 (webtiles) character file.

Game seed: 17916672508525683217

7448 Doomgape the Grappler (level 10, -11/91 HPs)
             Began as a Troll Fighter on Feb 25, 2024.
             Was a Follower of Hepliaklqana.
             Incinerated by a deep elf pyromancer (14 damage)
             ... with a pyre arrow
             ... on level 8 of the Dungeon.
             The game lasted 00:20:39 (6738 turns).

Doomgape the Grappler (Troll Fighter)               Turns: 6738, Time: 00:20:39

Health: -11/91     AC:  6    Str: 36    XL:     10   Next: 93%
Magic:  9/9        EV: 11    Int:  4    God:    Hepliaklqana [*.....]
Gold:   577        SH: 10    Dex:  9    Spells: 9/9 levels left

rFire   . .          .
                       - Unarmed
rCold   . . .        b - +1 kite shield
rNeg    . . .        s - +2 robe {Will+}
rPois   .            (helmet restricted)
rElec   .            (no cloak)
rCorr   .            (gloves unavailable)
SInv    .            (boots unavailable)
Will    ++...        (no amulet)
Stlth   +            l - +6 ring of strength
HPRegen 1.15/turn    j - ring of willpower
MPRegen 0.11/turn

%: no passive effects
@: on fire, glowing
A: reduced essence, large, unfitting armour, claws 3, regeneration 1, shaggy fur
1, tough skin 1
a: Renounce Religion, Recall Ancestor, Ancestor Identity


You were on level 8 of the Dungeon.
You worshipped Hepliaklqana.
Hepliaklqana was aware of your devotion.
You visited 2 branches of the dungeon, and saw 10 of its levels.

You collected 577 gold pieces.

Inventory:

Missiles
 y - 3 javelins (quivered)
Armour
 b - a +1 kite shield (worn)
 s - a +2 robe of willpower (worn)
Jewellery
 j - a ring of willpower (right claw)
 l - a +6 ring of strength (left claw)
 E - a ring of positive energy
Wands
 g - a wand of iceblast (9)
 t - a wand of digging (12)
 u - a wand of flame (26)
 v - a wand of paralysis (7)
Scrolls
 a - a scroll of identify
 d - 9 scrolls of teleportation
 e - a scroll of amnesia
 i - a scroll of fear
 m - a scroll of revelation
 r - 2 scrolls of enchant weapon
Potions
 c - 2 potions of might
 f - a potion of berserk rage
 h - 2 potions of heal wounds
 k - a potion of magic
 n - 2 potions of haste
 o - a potion of invisibility {unknown}
 p - a potion of cancellation {unknown}
 q - 2 potions of lignification
 w - a potion of degeneration {unknown}
 x - 2 potions of curing
 z - a potion of brilliance {unknown}
 A - 2 potions of attraction
 B - a potion of enlightenment {unknown}
 D - a potion of mutation {unknown}
 G - a potion of resistance {unknown}


   Skills:
 + Level 7.5 Fighting
 + Level 7.5 Dodging
 + Level 8.3 Shields
 + Level 8.7 Unarmed Combat


You had 9 spell levels left.
You didn't know any spells.
Your spell library contained the following spells:

 Spells                   Type           Power      Damage    Failure   Level
 Magic Dart               Conj           0%         1d3       65%         1
 Call Imp                 Summ           0%         N/A       78%         2
 Cigotuvi's Dreadful Rot  Necr/Alch/Air  0%         N/A       78%         2
 Searing Ray              Conj           0%         2d4       78%         2
 Sublimation of Blood     Necr           0%         N/A       78%         2
 Call Canine Familiar     Summ           0%         N/A       95%         3
 Sigil of Binding         Hex            0%         N/A       95%         3
 Dimensional Bullseye     Hex/Tloc       0%         N/A       100%        4
 Fulminant Prism          Conj/Alch      0%         3d5       100%        4
 Ignite Poison            Fire/Alch      0%         N/A       100%        4
 Petrify                  Alch/Erth      0%         N/A       100%        4
 Freezing Cloud           Conj/Ice/Air   0%         6-21      100%        5
 Irradiate                Conj/Alch      0%         3d11      100%        5
 Summon Forest            Summ/Tloc      0%         N/A       100%        5
 Eringya's Noxious Bog    Alch           0%         4d6       100%        6
 Summon Hydra             Summ           0%         N/A       100%        7


Dungeon Overview and Level Annotations

Branches:
Dungeon (9/15)             Temple (1/1) D:6            Lair (0/5) D:8
    Orc: D:9-12

Altars:
Cheibriados
Dithmenos
Elyvilon
Fedhas
Gozag
Hepliaklqana
Kikubaaqudgha
Makhleb
Nemelex Xobeh
Qazlal
Ru
Sif Muna
Trog
Uskayaw
Vehumet
Wu Jian
Xom
Yredelemnul
Zin
The Shining One

Annotations:
D:1 2 transporters


Innate Abilities, Weirdness & Mutations

Your life essence is reduced to manifest your ancestor. (-10% HP)
You are too large for most types of armour.
You have claws for hands.
Your natural rate of healing is unusually fast.
You are covered in fur. (AC +1)
You have tough skin. (AC +1)


Message History

There is a stone staircase leading up, spattered with blood here.
You barely miss the yak.
Moshka hits the yak!
You mangle the yak!!
The yak is severely wounded.
You block the yak's attack. The yak gores you but does no damage.
An orc comes into view. It is wielding a +0 hand axe.
The wraith completely misses you. The yak gores you!
Moshka hits the yak.
You claw the yak!
You kill the yak!
The yak gores you but does no damage.
The orc priest looks encouraged for a moment.
The deep elf pyromancer casts a spell at you.
The pyre arrow hits you.
You are covered in intense liquid fire!
The wraith closely misses you. The yak gores you.
Moshka hits the yak.
Unknown command.
The liquid fire burns you! The yak gores you. The orc priest barely misses you.
You block the orc warrior's attack. You block the wraith's attack.
You block the yak's attack.
Moshka barely misses the yak.
You shake off some of the fire as you move.
You climb upwards.
The liquid fire burns you!
There is a stone staircase leading down here.
You scratch the orc priest but do no damage.
The liquid fire burns you!
* * * LOW HITPOINT WARNING * * *
You block the orc priest's attack. You block the wraith's attack.
You block the yak's attack. The yak gores you!
* * * LOW HITPOINT WARNING * * *
Moshka barely misses the wraith.
You closely miss the wraith. The liquid fire burns you!
* * * LOW HITPOINT WARNING * * *
You block the orc priest's attack. The wraith misses you.
The yak barely misses you. You block the yak's attack.
Unknown command.
You closely miss the wraith. The liquid fire burns you!
You die...

######### #.......#
#.#####.##### #.#####.#...#
######....##(#.#.#
......###.##(#.#.#
.####.###.##.#.#R##########
...............Y@W..††....#
.####.#.###.####Yo#######.#
.## #.#...........# #.# ..#
#.#####.####.########.##
#.# #.....#.# #...........#
#.# #####.#.# #.###########
#.# #...#.# #.# #.# #.....#
#.# ..## #.....# #.#


You could see the friendly Moshka the ancestor, 2 yaks, a wraith and an orc
priest (ally target).

Vanquished Creatures
  3 two-headed ogres
  A gargoyle (D:8)
  A tengu conjurer (D:8)
  Sigmund (D:3)
  7 yaks
  A steam dragon (D:7)
  3 water moccasins (D:8)
  3 ice beasts
  3 sky beasts
  2 black bears
  2 centaurs
  4 ogres
  The ghost of zxspectator the Covered, an amateur GrFi of Gozag (D:3)
  A phantom (D:5)
  2 kobold brigands
  5 bullfrogs (D:8)
  A gnoll sergeant (D:7)
  5 scorpions
  3 wights (D:7)
  3 killer bees (D:6)
  5 howler monkeys
  A bombardier beetle (D:4)
  3 hounds
  A jelly (D:5)
  2 gnoll boudas
  2 orc priests
  4 sleepcaps
  An iguana (D:7)
  Ijyb (D:4)
  5 orc wizards
  13 gnolls
  5 adders
  3 shadow imps
  4 white imps
  2 ufetubi (D:6)
  A dart slug (D:1)
  3 ribbon worms
  28 orcs
  5 endoplasms
  2 giant cockroaches (D:3)
  6 goblins
  6 hobgoblins
  2 jackals (D:4)
  2 quokkas
  7 ball pythons
  4 bats
  4 frilled lizards
  14 kobolds
  4 rats
192 creatures vanquished.

Vanquished Creatures (others)
  An ancestor (D:9)
1 creature vanquished.

Grand Total: 193 creatures vanquished

Notes
Turn   | Place    | Note
-------+----------+-------------------------------------------
     0 | D:1      | Doomgape the Troll Fighter began the quest for the Orb.
     0 | D:1      | Reached XP level 1. HP: 22/22 MP: 0/0
   170 | D:1      | Reached XP level 2. HP: 29/29 MP: 1/1
   712 | D:2      | Found an ornate altar of the Wu Jian Council.
   724 | D:2      | Reached XP level 3. HP: 29/36 MP: 2/2
  1444 | D:3      | Reached XP level 4. HP: 44/44 MP: 3/3
  1604 | D:3      | Noticed Sigmund
  1611 | D:3      | Killed Sigmund
  1612 | D:3      | Reached XP level 5. HP: 45/53 MP: 4/4
  1612 | D:3      | Reached XP level 6. HP: 52/61 MP: 5/5
  1749 | D:3      | Found a large runed translucent door.
  1749 | D:3      | Found a large runed translucent door.
  1876 | D:3      | Found a bloodstained altar of Trog.
  1978 | D:3      | Noticed zxspectator's ghost (amateur GrFi)
  1989 | D:3      | Killed zxspectator's ghost
  2105 | D:4      | Reached XP level 7. HP: 66/68 MP: 6/6
  2478 | D:4      | Noticed Ijyb
  2502 | D:4      | Killed Ijyb
  2797 | D:5      | Entered Level 5 of the Dungeon
  2833 | D:5      | Reached skill level 5 in Shields
  2833 | D:5      | Reached XP level 8. HP: 21/79 MP: 7/7
  2841 | D:5      | Reached skill level 5 in Unarmed Combat
  2929 | D:5      | Found a burning altar of Makhleb.
  3289 | D:5      | Found a snail-covered altar of Cheibriados.
  3434 | D:5      | Reached skill level 5 in Dodging
  3792 | D:5      | Reached skill level 5 in Fighting
  4231 | D:6      | Found a staircase to the Ecumenical Temple.
  4242 | Temple   | Entered the Ecumenical Temple
  4250 | Temple   | Became a worshipper of Hepliaklqana the Forgotten
  4584 | D:6      | Reached XP level 9. HP: 75/88 MP: 8/8
  5455 | D:8      | Found a staircase to the Lair.
  5567 | D:8      | Noticed a two-headed ogre
  5579 | D:8      | Killed a two-headed ogre
  5580 | D:8      | Reached XP level 10. HP: 69/100 MP: 9/9
  5796 | D:8      | Reached * piety under Hepliaklqana
  6029 | D:8      | Noticed a two-headed ogre
  6038 | D:8      | Killed a two-headed ogre
  6259 | D:8      | Noticed a gargoyle
  6266 | D:8      | Killed a gargoyle
  6516 | D:9      | Noticed a two-headed ogre
  6524 | D:9      | Killed a two-headed ogre
  6730 | D:9      | Noticed a deep elf pyromancer
  6737 | D:8      | HP: 1/91 [burnt (10)]
  6738 | D:8      | Incinerated by a deep elf pyromancer

Illustrated notes

Levels and vault maps discovered:
D:1:      spicycebolla_arrival_transporter_tutorial, layout_loops_ring
D:2:      layout_rooms, basic_altar, minmay_fountain_box,
          chequers_serial_rivers_marsh, nicolae_wormholes
D:3:      layout_loops_ring, trog_book, ebering_ghost_disaster_area,
          minivault_27, mrwooster_statue_mirror, uniq_sigmund
D:4:      layout_basic, serial_rivers, chequers_serial_rivers_small_b,
          chequers_serial_rivers_small_b, chequers_serial_rivers_small_a,
          chequers_serial_rivers_micro_a, chequers_serial_rivers_marsh,
          kennysheep_boxes, uniq_ijyb
D:5:      layout_basic, bloody_makhleb, mainiacjoe_overflow_boulevard
D:6:      layout_basic, minmay_temple_entry_waves, minmay_misc_feat_room,
          kennysheep_dice
D:7:      layout_rooms
D:8:      layout_basic, due_lair_maze_entry_diamond, wad_mini_maze
D:9:      layout_gridville, ashenzari_altar_1
Temple:   sentei_temple_godly_chess

Skill      XL: |  1  2  3  4  5  6  7  8  9 10 |
---------------+-------------------------------+-----
Shields        | 3 4 5 6 7 8 |  8.3
Dodging        | 3 4 5 6 7 |  7.5
Fighting       | 3 4 5 6 7 |  7.5
Unarmed Combat | 3 4 6 7 8 |  8.7

Action                     |  1- 3 |  4- 6 |  7- 9 | 10-12 || total
---------------------------+-------+-------+-------+-------++-------
  Melee: Unarmed           |    94 |    77 |   381 |    82 ||   634
 Invoke: Recall Ancestor   |       |       |       |     1 ||     1
         Ancestor Identity |       |       |       |     1 ||     1
  Evoke: Wand              |       |       |     5 |     2 ||     7
    Use: Scroll            |     1 |     7 |     5 |     6 ||    19
         Potion            |       |     1 |     3 |     1 ||     5
   Stab: Sleeping          |       |     1 |       |       ||     1
 Armour: Robe              |    50 |    40 |   275 |    64 ||   429
  Dodge: Dodged            |    21 |    25 |   141 |    37 ||   224
  Block: Kite shield       |    25 |    24 |   181 |    44 ||   274
